[Event "4th Tata Steel India Rapid Open 2022"]
[Site "Kolkota"]
[Date "2022.11.30"]
[Round "5.5"]
[White "Vidit, Santosh Gujrathi"]
[Black "Nakamura, Hikaru"]
[Result "1/2-1/2"]
[ECO "C54"]
[WhiteElo "2724"]
[BlackElo "2768"]
[Annotator "TA"]
[PlyCount "53"]
[EventDate "2022.11.29"]
[EventType "tourn"]
[EventCountry "IND"]
[SourceTitle "playchess.com"]
[Source "ChessBase"]
[SourceQuality "1"]
[TimeControl "900+10"]

1. e4 e5 2. Nf3 Nc6 3. Bc4 Nf6 4. d3 Bc5 5. O-O d6 6. c3 a6 7. a4 {[%emt 0:00:08] C54: Giuoco Piano: 4 c3 Nf6, main lines with 5 d4 and 5 d3.} Ba7 8. Re1 {[%emt 0:01:21] 8.Re1 scores better than 8.Nbd2.} O-O 9. h3 {[%emt 0:00:16] White has an edge.} h6 10. Nbd2 Re8 (10... Nh5 {feels hotter.} 11. Nf1 Qf6 12. Ne3 Nf4) 11. b4 Be6 {[%emt 0:00:03] The position is equal.} 12. Bxe6 Rxe6 13. Rb1 Qd7 14. Qc2 b5 15. Ra1 Rae8 {[%emt 0:00:02] [#]} 16. axb5 $146 ({Predecessor:} 16. Nf1 d5 17. Bd2 Bb6 18. Ng3 Rd8 19. a5 Ba7 20. Rac1 dxe4 21. dxe4 Rd6 22. Be3 Bxe3 23. Rxe3 {1-0 (57) Ragger,M (2647)-Wagner,D (2584) Terme Catez 2022}) 16... axb5 17. Nf1 d5 18. Ng3 Bb6 (18... Rd8 {is more complex.} 19. Nf5 dxe4 20. dxe4 Qd3) 19. Nf5 Ne7 20. Nxe7+ R6xe7 21. Be3 Bxe3 22. Rxe3 Qc6 23. Re2 dxe4 24. dxe4 Nd7 25. Nd2 Nb6 26. Nb3 Nc4 27. Na5 {[%emt 0:00:10] A balanced but interesting game.   Weighted Error Value: White=0.05 (flawless) /Black=0.04 (flawless)} 1/2-1/2

[Event "4th Tata Steel India Rapid Open 2022"]
[Site "Kolkota"]
[Date "2022.11.30"]
[Round "6.1"]
[White "Erigaisi Arjun"]
[Black "Mamedyarov, Shakhriyar"]
[Result "1-0"]
[ECO "C54"]
[WhiteElo "2718"]
[BlackElo "2741"]
[Annotator "TA"]
[PlyCount "71"]
[EventDate "2022.11.29"]
[EventType "tourn"]
[EventCountry "IND"]
[SourceTitle "playchess.com"]
[Source "ChessBase"]
[SourceQuality "1"]
[TimeControl "900+10"]

1. e4 e5 2. Nf3 Nc6 3. Bc4 Nf6 4. d3 Bc5 5. c3 d6 6. O-O a6 7. a4 {[%emt 0:00:55] C54: Giuoco Piano: 4 c3 Nf6, main lines with 5 d4 and 5 d3.} Ba7 8. Bg5 h6 9. Bh4 {[%emt 0:00:02] The position is equal.} (9. Be3 {simplifies} Bxe3 10. fxe3 Ne7 11. Nbd2) 9... g5 10. Bg3 Qe7 11. Nbd2 Rg8 12. b4 {[%emt 0:01:12][%cal Bb2b4,Bb4b5][%mdl 32] [#]} Bg4 $146 ({Predecessor:} 12... h5 13. h4 gxh4 14. Bxh4 Bh3 15. g3 Bxf1 16. Nxf1 Rg4 17. N1h2 Rxh4 18. Nxh4 Qd7 {1-0 (43) Demchenko,A (2654)-Navara,D (2697) Chess.com INT 2022}) 13. b5 Nd8 (13... Na5 $14) 14. d4 a5 15. dxe5 {[%emt 0:00:52] White is more active.} dxe5 16. Bxe5 {[%emt 0:00:16] Hoping for Bd4.} Ne6 17. Bxe6 (17. h3 $142 Bh5 18. Bxe6 fxe6 19. Bd4) 17... fxe6 (17... Bxe6 $16 18. Qe2 O-O-O) 18. Bd4 (18. Nc4 $1 $18) 18... Bxd4 $16 19. cxd4 O-O-O 20. Qc2 ({Better is} 20. Nb3 $1 $16) 20... Bxf3 $14 21. Nxf3 {[%emt 0:00:03] aiming for Rfd1.} g4 22. Nd2 Rxd4 23. Rfc1 b6 24. Nc4 Qc5 25. e5 Ne4 {[%emt 0:00:24] Threatens to win with ...Kb8.} 26. Qb3 {[%emt 0:01:54][%cal Oc4a5] And now Nxa5! would win.} (26. Nd6+ {simplifies} Kb8 27. Qxe4 Rxe4 28. Rxc5 cxd6 29. Rc6) 26... g3 27. hxg3 {[%emt 0:00:04][%mdl 8192] [#]} (27. Nd6+ $1 $11 {and White is okay.} Rxd6 28. Rxc5 gxf2+ 29. Kh1 Nxc5 30. Qf3) 27... Rxc4 $1 28. Qxc4 $11 Qxf2+ 29. Kh1 Nxg3+ 30. Kh2 {[%emt 0:00:01][%csl Gc1][%cal Rc4c7] Dancing on a razor blade.} Qf7 {[%emt 0:00:01] [#]} (30... Rg7 $1 $11 {keeps the balance.}) 31. Kg1 $1 $40 {[%emt 0:01:17][%mdl 128] White wants a kill.} h5 (31... Rf8 $2 32. Ra3 Rg8 33. Rf3 $18) 32. Ra3 {[%emt 0:00:22][%cal Ba1a3,Ba3c3,Bc3c5][%mdl 32] Inhibits h4. Rac3 is the strong threat.} Rg4 (32... Kb8 $142) 33. Qc2 {[%emt 0:00:32] Strongly threatening Rd3.} Qe7 (33... c5 $16 {is a better defense.}) 34. Rc3 $18 c5 (34... Rg7 $142 35. Rd1 Kb7) 35. Rd1 $2 (35. bxc6 $18 Qd8 36. Qf2) 35... Qh4 $2 {[%emt 0:00:13][%mdl 8192] [#]} (35... Nf5 $16) 36. Rxc5+ $1 {[%emt 0:00:15][%mdl 512] Weighted Error Value: White=0.43/Black=0.53} 1-0

[Event "4th Tata Steel India Rapid Open 2022"]
[Site "Kolkota"]
[Date "2022.11.30"]
[Round "6.2"]
[White "Nihal Sarin"]
[Black "So, Wesley"]
[Result "1/2-1/2"]
[ECO "D27"]
[WhiteElo "2670"]
[BlackElo "2760"]
[Annotator "TA"]
[PlyCount "43"]
[EventDate "2022.11.29"]
[EventType "tourn"]
[EventCountry "IND"]
[SourceTitle "playchess.com"]
[Source "ChessBase"]
[SourceQuality "1"]
[TimeControl "900+10"]

1. d4 Nf6 2. Nf3 d5 3. c4 dxc4 4. e3 a6 5. Bxc4 e6 6. O-O c5 7. b3 cxd4 8. Nxd4 Be7 9. Bb2 O-O {[%emt 0:00:02] D27: Queen's Gambit Accepted: Classical main line: 7 e4!? and 7 a4.} 10. Nd2 b5 11. Be2 Bb7 12. Bf3 Ra7 13. Rc1 Qd7 14. Bxb7 Rxb7 15. N2f3 {[%emt 0:01:09] [#]} Rc8 $146 {[%emt 0:01:59] [#]} ({Predecessor:} 15... Rc7 16. Rxc7 Qxc7 17. Qb1 Qb7 18. Rc1 Rc8 19. Ne5 Nfd7 20. Ndf3 Nxe5 21. Nxe5 Nd7 22. Nxd7 Rxc1+ 23. Qxc1 Qxd7 {½-½ (30) Lenderman,A (2637)-Nakamura,H (2746) Saint Louis 2019}) 16. Nf5 $1 Rxc1 (16... exf5 $2 17. Qxd7 Nfxd7 18. Rxc8+ Nf8 19. Re1 $18) 17. Nxe7+ Qxe7 18. Qxc1 {[%emt 0:00:01] The position is equal.} Rc7 {[%emt 0:00:18] Prevents Qc8+.} 19. Qd2 Qd7 20. Qe2 Qc8 21. Bxf6 {[%emt 0:02:39] [#] Hoping for Be5.} gxf6 22. Rd1 {[%emt 0:00:02] A balanced but interesting game.   Weighted Error Value: White=0.05 (flawless) /Black=0.03 (flawless)} 1/2-1/2

[Event "4th Tata Steel India Rapid Open 2022"]
[Site "Kolkota"]
[Date "2022.11.30"]
[Round "6.3"]
[White "Abdusattorov, Nodirbek"]
[Black "Sethuraman, S.P."]
[Result "1-0"]
[ECO "B22"]
[WhiteElo "2713"]
[BlackElo "2643"]
[Annotator "TA"]
[PlyCount "77"]
[EventDate "2022.11.29"]
[EventType "tourn"]
[EventCountry "IND"]
[SourceTitle "playchess.com"]
[Source "ChessBase"]
[SourceQuality "1"]
[TimeControl "900+10"]

1. e4 c5 2. Nf3 e6 3. c3 Nf6 4. e5 Nd5 5. d4 cxd4 6. cxd4 d6 7. Bc4 Nb6 8. Bd3 Nc6 {[%emt 0:00:12] 8...Nc6 scores better than 8...dxe5.} 9. O-O dxe5 {[%emt 0:00:04] B22: Sicilian: 2 c3.} 10. dxe5 Nb4 11. Be4 Qxd1 {[%emt 0:00:39] White is slightly better.} 12. Rxd1 N4d5 13. a4 {[%emt 0:04:28][%cal Ba2a4,Ba4a5][%mdl 32] a5 is the strong threat.} Bd7 14. a5 Na4 15. Nd4 {[%emt 0:01:11] [#]} Bb4 $146 ({Predecessor:} 15... Rc8 16. Bc2 Bc5 17. Rxa4 Bxd4 18. Raxd4 Rxc2 19. Nc3 Bc6 20. R4d2 Nxc3 21. bxc3 Rxd2 22. Bxd2 {½-½ (31) Brandenburg,D (2515)-Van der Wiel,J (2472) Wolvega 2010}) 16. Na3 {[%emt 0:00:52] White is more active.} O-O 17. Nab5 Bxb5 18. Nxb5 (18. Bxd5 {simplifies} exd5 19. Nxb5 Nc5 20. Nc7) 18... a6 19. Nd4 Nc5 20. Bxd5 exd5 21. Be3 $36 {[%emt 0:00:13][%mdl 2048] Hoping for Nc2. White is really pushing.} Rac8 {[%emt 0:01:33] [#]} 22. Nf5 $1 Ne6 (22... Rc7 $16) 23. Rxd5 $2 (23. Ra4 $18 Rc4 24. b3 (24. Rxd5 Rfc8 $16)) 23... Rc2 24. g3 Rxb2 25. Rc1 Ra2 26. Bb6 g6 27. Nd6 Ng5 (27... Rb2 $16 28. Ne4 (28. Nxb7 Bxa5 29. Bxa5 Rxb7 $14) 28... Rb8) 28. Kg2 $18 ({Resist} 28. Nxb7 $6 Nf3+ 29. Kg2 Ne1+ 30. Kh3 Nf3) 28... Ne6 29. Nxb7 h5 30. Nd6 Kg7 31. Rc4 Be1 32. Ne4 h4 33. Kf1 (33. gxh4 $2 {perishes.} Nf4+ 34. Kf3 Nxd5 $19) 33... Ra1 {[%emt 0:00:03] [#]} 34. Ke2 $1 (34. gxh4 {is a self mate.} Nf4) 34... hxg3 35. hxg3 Rh8 36. Rc6 {[%emt 0:01:25] And now Rd7 would win.} Ra2+ 37. Kf3 (37. Kxe1 $2 Rh1#) 37... Bb4 38. Rd7 {[%emt 0:00:13] Inhibits g5.} Bxa5 $2 (38... Re8 39. Kg2 Re7) 39. Rxe6 {[%emt 0:00:05] Weighted Error Value: White=0.15 (very precise) /Black=0.26 (precise)} 1-0

[Event "4th Tata Steel India Rapid Open 2022"]
[Site "Kolkota"]
[Date "2022.11.30"]
[Round "6.4"]
[White "Nakamura, Hikaru"]
[Black "Maghsoodloo, Parham"]
[Result "1-0"]
[ECO "E43"]
[WhiteElo "2768"]
[BlackElo "2720"]
[Annotator "TA"]
[PlyCount "137"]
[EventDate "2022.11.29"]
[EventType "tourn"]
[EventCountry "IND"]
[SourceTitle "playchess.com"]
[Source "ChessBase"]
[SourceQuality "1"]
[TimeControl "900+10"]

1. d4 Nf6 2. c4 e6 3. Nc3 Bb4 4. e3 O-O 5. Bd2 c5 6. Nf3 b6 7. Bd3 Bb7 8. a3 Bxc3 9. Bxc3 cxd4 {[%emt 0:00:02] E43: Nimzo-Indian: Rubinstein: 4...b6.} 10. exd4 d5 11. b3 a5 {[%emt 0:00:28] The position is equal.} 12. a4 {[%emt 0:01:38] [#]} Nbd7 $146 ({Predecessor:} 12... Nc6 13. O-O Nb4 14. Be2 Rc8 15. Bb2 dxc4 16. Bxc4 Nfd5 17. Qd2 Qf6 18. Ne5 Rfd8 {1-0 (41) Vidit,S (2726)-Svane,R (2615) Chess.com INT 2021}) 13. O-O Rc8 14. Bb2 Qc7 15. Re1 Rfd8 16. Rc1 {[%emt 0:00:23] Strongly threatening cxd5.} (16. h3 {with more complications.} Qf4 17. Re3 Nh5 18. Ne5) 16... dxc4 17. bxc4 Qf4 18. Rb1 (18. Be2 {feels hotter.} Nc5 19. Ne5 Nfe4 20. Rf1) 18... h6 (18... e5 {is interesting.} 19. Qd2 Qxd2 20. Nxd2 exd4 21. Bxd4 Nf8) 19. Bc1 {[%emt 0:02:33] Against e5. This pair of bishops is nice.} Qc7 (19... Qd6 $11 {should be considered.}) 20. h3 $1 $14 Nb8 21. Bb2 Nbd7 {[%emt 0:00:10] Prevents d5.} 22. Nd2 Qf4 23. Nf1 Qg5 24. Ng3 Ba6 25. Qe2 Qf4 26. Nf1 Nb8 27. Ne3 Nc6 {[%emt 0:00:00] Against d5} 28. Nc2 (28. g3 $16 Qg5 29. h4) 28... Qd6 29. Bc3 {[%emt 0:00:10] [#]} (29. Red1 $16) 29... Nb4 (29... Ne5 $1 $11 {keeps the balance.} 30. dxe5 (30. Qxe5 Qxe5 31. dxe5 Rxd3 $11) 30... Qxd3 31. Qxd3 Rxd3) 30. Bxb4 $16 {[%emt 0:00:00] Black is now going downhill.} axb4 31. Red1 Bb7 32. Rxb4 Ra8 {Against a5} 33. Rdb1 $36 {[%emt 0:00:20][%mdl 2048] White is really pushing.} Nd7 {[%emt 0:00:20] [#]} (33... Bc6 $16) 34. c5 $1 $18 Qc6 (34... Nxc5 $142 35. Rxb6 (35. dxc5 Qxd3 36. Qxd3 Rxd3 $16) 35... Qd5 36. Rxb7 (36. dxc5 $2 Qxg2#) 36... Nxb7) 35. f3 (35. cxb6 $2 Qxg2#) 35... Qc8 36. cxb6 Nf6 37. Ne3 Qb8 38. Qf2 Qf4 39. Bf1 ({Don't play} 39. d5 $6 Qd6 40. Be4 Nxd5 $18) 39... Qg5 40. Rb5 Qf4 41. R5b4 Qg5 $1 42. h4 Qg6 43. Rc1 Ne8 44. Rc5 Qf6 45. a5 Qe7 46. Nc4 Rd5 47. Rb1 Qd8 48. Ra1 Rxd4 49. Ne5 {[%emt 0:00:01] Hoping for Nc6.} Rd1 (49... Qd6 $142) 50. Nc6 Qd6 51. Rxd1 Qxd1 52. Nb4 Qa1 53. a6 Bxa6 54. Nxa6 {[%emt 0:00:01] aiming for b7.} Rxa6 55. Rc8 {[%emt 0:00:01] And now b7 would win.} Qb1 56. Rxe8+ Kh7 57. Rb8 Ra1 58. h5 {[%emt 0:00:09] Threatens to win with b7.} Qb5 59. Rc8 Rb1 60. Qc2+ f5 61. Qf2 Ra1 62. Rc2 {[%emt 0:00:14] Black must now prevent Re2.} Rb1 63. Re2 e5 (63... Qxb6 $142 64. Qxb6 Rxb6) 64. b7 Qxb7 65. Rxe5 Qf7 66. Qc2 Qa7+ 67. Kh2 {[%emt 0:00:00] White mates.} Qb8 68. Qxf5+ Kg8 69. Bc4+ {[%emt 0:00:00] Weighted Error Value: White=0.23 (precise) /Black=0.31} 1-0

[Event "4th Tata Steel India Rapid Open 2022"]
[Site "Kolkota"]
[Date "2022.11.30"]
[Round "6.5"]
[White "Vidit, Santosh Gujrathi"]
[Black "Gukesh D"]
[Result "1/2-1/2"]
[ECO "B10"]
[WhiteElo "2724"]
[BlackElo "2725"]
[Annotator "TA"]
[PlyCount "152"]
[EventDate "2022.11.29"]
[EventType "tourn"]
[EventCountry "IND"]
[SourceTitle "playchess.com"]
[Source "ChessBase"]
[SourceQuality "1"]
[TimeControl "900+10"]

1. e4 c6 2. Nf3 d5 3. d3 Qc7 4. Nc3 dxe4 5. dxe4 e5 6. Bc4 {[%emt 0:00:13] B10: Caro-Kann: 2 d3 and 2 c4.} Nf6 7. Ng5 Bg4 8. f3 (8. Bxf7+ $14 Qxf7 9. Nxf7 Bxd1 10. Nxh8 Bxc2 11. f3) 8... Bh5 $11 9. Be3 {[%emt 0:01:04] [#]} Nbd7 $146 ({Predecessor:} 9... h6 10. Nh3 Nbd7 11. Nf2 O-O-O 12. Nd3 Nc5 13. Qe2 Ncxe4 14. Nxe4 Nxe4 15. g4 Nd6 {1-0 (51) Widmann,V (1995)-Kurz,R (2060) Hockenheim 1994}) 10. a4 {[%emt 0:00:43] Against b5} Bb4 11. Qd2 O-O-O 12. Qf2 (12. Nxf7 $2 Bxf7 13. Bxf7 Nf8 $19) (12. Bxa7 Nc5 13. Qe3 b6 $17) (12. Bxf7 $2 Nf8 13. Qf2 Bxf7 $19) (12. Qe2 $14) 12... h6 {[%emt 0:02:10] Threatens to win with ...Qa5.} 13. Nxf7 Bxf7 14. Bxf7 Rhf8 15. Be6 {[%emt 0:01:18] [#]} Nxe4 $1 16. Qh4 Bxc3+ 17. bxc3 Nxc3 18. a5 {[%emt 0:02:51] Prevents e4.} Rf6 (18... e4 {feels hotter.} 19. f4 g5 20. Qxh6 Qd6) 19. Bh3 {[%emt 0:01:01] This pair of bishops is nice.} (19. Qc4 $5 Nd5 20. Bxd7+ Qxd7 21. Bxa7 $11) 19... Kb8 20. Qf2 c5 21. O-O Nd5 22. Rfd1 Rd6 23. Re1 Nxe3 24. Qxe3 Rd5 25. a6 b6 26. Be6 Rd6 27. Bf5 Re8 28. Rad1 Nf6 29. Qb3 Red8 (29... Qe7 {keeps more tension.} 30. Rxd6 Qxd6 31. c3 Kc7) 30. Rxd6 Rxd6 (30... Qxd6 $15 {was preferrable.} 31. Qf7 Qc7) 31. Qe3 b5 32. Qxe5 Rxa6 33. Qxc7+ (33. g4 $15) 33... Kxc7 {[%emt 0:00:01][%mdl 4096] Endgame KRB-KRN} 34. Re7+ {[%emt 0:00:02] [#]} Kd8 $2 ({Black should play} 34... Kb8 $1 $17 {Hoping for ...Rd6.} 35. f4 Rd6) 35. Rxg7 $14 b4 36. g4 c4 $1 37. Rb7 Rb6 38. Rxa7 (38. Rxb6 {simplifies} axb6 39. Kf2 Ke7 40. Ke3) 38... b3 39. cxb3 cxb3 40. Ra1 (40. Kf2 {is interesting.} b2 41. Bb1 Nd5 42. Ra3) 40... Ke7 41. Re1+ Kf8 42. Rd1 Rb5 43. Kf2 Nd5 44. Bb1 Nc3 45. Rg1 Ra5 46. Bd3 Ra2+ 47. Ke3 b2 {[%emt 0:00:18] Against Rc1} 48. h4 Ra1 49. Rg2 b1=Q (49... b1=R 50. Bxb1 Rxb1 51. Kd4 Nb5+ 52. Ke5 $15) (49... Ra3 {with more complications.} 50. Kf4 Ra4+ 51. Kg3 Rb4) 50. Bxb1 Rxb1 $11 {[%emt 0:00:01] KRN-KR} 51. Rc2 Nd5+ 52. Ke4 Ne7 {[%emt 0:00:08] Prevents Rc8+.} 53. h5 Re1+ 54. Kf4 Kf7 55. Rc5 Rh1 56. Ra5 Rd1 57. Ra6 Kg7 58. Ra7 Re1 59. g5 hxg5+ 60. Kxg5 Rg1+ 61. Kf4 Kf6 62. Ra6+ Kf7 63. h6 (63. Ra7 $11) 63... Re1 (63... Rc1 $15) 64. Kg4 Kg8 65. Kg5 Rg1+ 66. Kf4 (66. Kh5 $11) 66... Ng6+ $15 67. Ke4 Kh7 68. f4 ({Much weaker is} 68. Ra7+ Kxh6 69. Ra4 Rf1 $11) 68... Rf1 (68... Kxh6 69. f5 $11) 69. Rf6 Re1+ (69... Kxh6 70. f5 $11) ({Black should try} 69... Ne7 $15) 70. Kd4 (70. Kf3 $11 {keeps the balance.}) 70... Re7 $17 ({But not} 70... Kxh6 71. f5 $11) 71. f5 Nh8 ({Reject} 71... Nf4 72. Rb6 $11) (71... Nh4 $17) 72. Re6 $11 {[%emt 0:00:06] The position is equal.} Ra7 73. Ke5 Ra5+ 74. Kf4 Ra1 75. Rf6 $1 Rf1+ 76. Kg5 Rg1+ {[%emt 0:00:00] Weighted Error Value: White=0.10 (very precise) /Black=0.11 (very precise)} 1/2-1/2

[Event "4th Tata Steel India Rapid Open 2022"]
[Site "Kolkota"]
[Date "2022.12.01"]
[Round "7.1"]
[White "Sethuraman, S.P."]
[Black "Vidit, Santosh Gujrathi"]
[Result "1/2-1/2"]
[ECO "B67"]
[WhiteElo "2643"]
[BlackElo "2724"]
[Annotator "TA"]
[PlyCount "245"]
[EventDate "2022.11.29"]
[EventType "tourn"]
[EventCountry "IND"]
[SourceTitle "playchess.com"]
[Source "ChessBase"]
[SourceQuality "1"]
[TimeControl "900+10"]

1. e4 c5 2. Nf3 d6 3. d4 cxd4 4. Nxd4 Nf6 5. Nc3 Nc6 6. Bg5 e6 7. Qd2 a6 8. O-O-O Bd7 9. f3 Nxd4 10. Qxd4 Be7 11. Kb1 Qc7 12. h4 b5 13. Qd2 b4 14. Ne2 a5 15. c4 bxc3 16. Nxc3 Rb8 17. a4 O-O 18. Nb5 Qb7 19. Bd3 d5 20. e5 Bb4 21. Qf2 Ne8 22. Rc1 Bxb5 23. Bxb5 Nc7 24. Bc6 Qa6 25. Ka1 h6 26. Be3 Be7 27. Qf1 Rb3 28. Qxa6 Nxa6 29. Bd4 Rd3 30. Bc3 Nc5 31. Rcd1 Rxd1+ 32. Rxd1 Bxh4 33. Ka2 Rc8 34. Bb5 Bd8 35. Bd4 Bb6 36. Ka3 Kf8 37. b4 axb4+ 38. Kxb4 Rc7 39. a5 Bxa5+ 40. Kxa5 Nb3+ 41. Kb6 Rc2 42. Ba4 Nxd4 43. Bxc2 Nxc2 44. g4 Ne3 45. Re1 Ng2 46. Ra1 g5 47. Kc5 Nf4 48. Kd4 Kg7 49. Ra8 h5 50. gxh5 Nxh5 51. Ra7 Kg6 52. Rb7 Nf4 53. Ra7 Ng2 54. Rb7 Nh4 55. Ke3 Nf5+ 56. Kd3 Ng3 57. Kd4 Ne2+ 58. Ke3 Nf4 59. Kd4 Ng2 60. Ra7 $2 {[%emt 0:00:08][%mdl 8192] [#]} (60. Kd3 $11) 60... Nh4 $2 (60... Ne1 $1 $19 61. Ke3 Nc2+ 62. Kf2 Nb4) 61. Ke3 $11 Nf5+ 62. Kd3 Nh6 63. Ra8 Kg7 64. Rb8 Nf5 65. Rc8 Ne7 66. Rc7 Ng6 67. Kd4 Nh4 68. Ke3 Kg6 69. Ra7 Nf5+ 70. Kd3 Nh6 71. Ra8 g4 72. fxg4 (72. Ke2 {with more complications.} g3 73. f4 g2 74. Kf2) 72... Nxg4 73. Kd4 Kf5 74. Rh8 f6 75. exf6 Nxf6 76. Ke3 e5 77. Rd8 Ke6 78. Kd3 Nd7 79. Rc8 Kd6 80. Rd8 Kc7 81. Re8 Nc5+ 82. Kc3 Kd6 83. Rd8+ Ke6 84. Kd2 d4 85. Ke2 Kf5 86. Rh8 Ne6 87. Re8 e4 88. Re7 Nf4+ 89. Kd2 Ne6 90. Re8 Ke5 91. Re7 Kd6 92. Re8 Kd5 93. Re7 Ng5 94. Re8 Nf7 95. Ke2 Nd6 (95... d3+ {feels hotter.} 96. Ke3 Nd6 97. Rd8 Ke6) 96. Rd8 Ke6 97. Ra8 Ke5 98. Ra5+ Kf4 99. Rd5 Nf5 100. Rd8 Ke5 101. Re8+ Kd5 102. Rd8+ Nd6 103. Rd7 Ke6 104. Rd8 Ke5 105. Rd7 Nc4 106. Rd8 Nb6 (106... d3+ {simplifies} 107. Rxd3 exd3+ 108. Kxd3 Kd5) 107. Kd2 Na4 (107... d3 {is more complex.} 108. Kc3 Kf4 109. Rd6 Na4+) 108. Re8+ Kd5 109. Rd8+ Kc4 110. Rc8+ Nc5 111. Re8 Kd5 112. Rd8+ Ke5 113. Re8+ Ne6 114. Ke2 e3 115. Re7 Kd5 116. Re8 $1 Ke5 117. Kd3 Kd6 118. Rh8 Ke5 119. Re8 Kd5 120. Ke2 Nf4+ 121. Kf3 Nd3 122. Rxe3 dxe3 123. Kxe3 1/2-1/2

[Event "4th Tata Steel India Rapid Open 2022"]
[Site "Kolkota"]
[Date "2022.12.01"]
[Round "7.2"]
[White "So, Wesley"]
[Black "Abdusattorov, Nodirbek"]
[Result "0-1"]
[ECO "D32"]
[WhiteElo "2760"]
[BlackElo "2713"]
[Annotator "TA"]
[PlyCount "134"]
[EventDate "2022.11.29"]
[EventType "tourn"]
[EventCountry "IND"]
[SourceTitle "playchess.com"]
[Source "ChessBase"]
[SourceQuality "1"]
[TimeControl "900+10"]

1. d4 Nf6 2. c4 e6 3. Nc3 Bb4 4. e3 O-O 5. Bd3 c5 6. Nf3 d5 7. cxd5 exd5 8. dxc5 Bxc5 9. O-O Nc6 10. b3 Bg4 11. Bb2 a6 12. Be2 Re8 13. Rc1 {[%emt 0:01:35] D32: Tarrasch Defence: Sidelines and lines without g3.} Bd6 14. h3 {[%emt 0:00:29] [#]} Bxf3 $146 ({Predecessor:} 14... Bh5 15. Nh4 Bxe2 16. Nxe2 Ne4 17. Nf5 Bf8 18. Ned4 Qg5 19. h4 Qg6 20. h5 Qg5 21. f4 Qd8 22. Nxc6 bxc6 23. Rxc6 {0-1 (34) Wagner,D (2572)-Ivic,V (2581) Chess.com INT 2021}) 15. Bxf3 {[%emt 0:00:02] White is slightly better.} Be5 16. Rc2 (16. Bxd5 $2 Nxd5 17. Qxd5 Qxd5 18. Nxd5 Bxb2 $19) (16. Ba1 $14) 16... d4 $11 17. exd4 Nxd4 18. Rc1 Qa5 19. Na4 Rad8 20. Rc5 (20. Bxb7 $2 Ne2+ $1 21. Qxe2 Bh2+ $1 22. Kxh2 Rxe2 $19) 20... b5 {[%emt 0:00:02] Hoping for ...Nxf3+.} 21. Bc3 $2 {[%emt 0:00:15] [#] White is now going downhill.} (21. Rxe5 $1 $11 Rxe5 22. Bc3 Nxf3+ 23. Qxf3) 21... Ne2+ $1 $19 22. Bxe2 Bxc3 23. Nxc3 Rxd1 24. Rxd1 Qa3 25. Rc7 h6 26. Bf3 Qb2 27. Nd5 Ne4 ({Worse is} 27... Qxa2 28. Nxf6+ gxf6 29. Bd5 $17) 28. Ne7+ Kf8 {[%emt 0:00:01] Really sharp!} 29. Bxe4 {[%cal Oe7c6] aiming for Nc6!} Rxe7 30. Rc2 Qe5 31. Bf3 g6 32. Re2 Qc5 {[%emt 0:00:01] Threatens to win with ...Rxe2.} 33. Rxe7 (33. Red2 $17) 33... Kxe7 $17 {[%emt 0:00:01][%mdl 4096] Endgame KQ-KRB} ({Inferior is} 33... Qxe7 34. Kf1) 34. Re1+ Kd6 35. Re2 Qc1+ 36. Kh2 Qf4+ 37. Kg1 h5 38. Bb7 Kc7 39. Bd5 h4 {[%emt 0:00:10] Against g3} 40. Rc2+ Kb6 41. Rc6+ {[%emt 0:00:26] [#]} Ka7 $1 42. Bf3 Qe5 {[%emt 0:00:13] And now ...Qa1+ would win.} 43. Rc2 f5 44. Re2 Qd6 45. Rc2 g5 46. Be2 Qd4 47. Bf1 g4 48. hxg4 fxg4 49. a4 Kb6 {[%emt 0:00:13] Strongly threatening ...g3.} 50. axb5 axb5 51. Re2 g3 {[%emt 0:00:10] Prevents b4.} 52. Re3 Kc5 (52... Ka5 $142 53. Rf3 Kb4) 53. Rf3 $19 Kb4 54. Re3 Qd2 55. Rf3 Qe1 56. Rf5 Ka3 {[%emt 0:00:02] ( -> ...b4)} 57. b4 Ka4 58. Rf4 Qe5 59. Rf3 Kxb4 60. Re3 Qd4 {[%emt 0:00:07] White must now prevent ...Kc5.} 61. Bd3 gxf2+ {[%emt 0:00:32] Black mates.} 62. Kxf2 Kc3 63. Ke2 Qg4+ 64. Ke1 Qg5 ({Weaker is} 64... Qxg2 65. Bf1+ Kd4 66. Bxg2 $11) 65. Kf2 Kd2 66. Rh3 Qc5+ 67. Kf1 Qc1+ {[%emt 0:00:01] Weighted Error Value: White=0.40/Black=0.28 (precise)} (67... b4 $142 68. Bh7 Qc4+ 69. Kg1 Ke2 70. Rf3 Qc1+ 71. Kh2 Qc7+ 72. Kh3 Qxh7 73. Rf6 Qd7+ 74. Kh2 b3 75. Ra6 b2 76. Ra2 Qc7+ 77. Kg1 Qc3 78. Rxb2+ Qxb2 79. Kh2 Qd4 80. g3 Qf2+ 81. Kh1 h3 82. g4 Qg2#) 0-1

[Event "4th Tata Steel India Rapid Open 2022"]
[Site "Kolkota"]
[Date "2022.12.01"]
[Round "7.3"]
[White "Gukesh D"]
[Black "Nakamura, Hikaru"]
[Result "1/2-1/2"]
[ECO "C65"]
[WhiteElo "2725"]
[BlackElo "2768"]
[Annotator "TA"]
[PlyCount "67"]
[EventDate "2022.11.29"]
[EventType "tourn"]
[EventCountry "IND"]
[SourceTitle "playchess.com"]
[Source "ChessBase"]
[SourceQuality "1"]
[TimeControl "900+10"]

1. e4 e5 2. Nf3 Nc6 3. Bb5 Nf6 4. d3 Bc5 5. Bxc6 dxc6 6. Nbd2 {[%emt 0:00:05][%cal Bb1d2,Bd2b3,Bb3a5,Ba5c4,Bc4e3,Be3f5][%mdl 32] C65: Ruy Lopez: Berlin Defence (3...Nf6), unusual lines and 4 0-0 Bc5.} Be6 7. O-O Bd6 8. Nb3 $1 {[%emt 0:00:17][%mdl 4] is more profitable than 8.b3 at the moment.} O-O 9. Na5 Qc8 {[%emt 0:00:11] [#]} 10. Ng5 $146 ({Predecessor:} 10. Bd2 Re8 11. Ng5 b6 12. Nxe6 Qxe6 13. Nb3 a5 14. a4 Nd7 15. Be3 f5 16. exf5 Qxf5 {0-1 (47) So,W (2778)-Radjabov,T (2763) chess24.com INT 2021}) 10... Bg4 11. Nf3 Nd7 12. h3 Bh5 13. Nc4 Re8 14. Ne3 (14. g4 $5 Bg6 $8 15. Nh4 $11) 14... f6 15. Kh1 Nc5 16. Nf5 Ne6 17. g4 Bg6 18. Rg1 h6 19. Be3 Qd7 20. Qf1 c5 21. h4 Kf7 (21... Nd4 {simplifies} 22. Bxd4 cxd4 23. Qh3 Rf8) 22. c3 Qc6 23. b3 Rad8 24. Qe2 (24. Rd1 $14) 24... Rh8 (24... h5 $142) 25. h5 $11 Bh7 26. Rgd1 Rd7 (26... Be7 {feels hotter.} 27. N3h4 Rd7 28. Rd2 Qa6) 27. Kg1 Rhd8 28. a4 Bf8 29. Rd2 b6 30. Ne1 Bg8 31. Ng2 Bd6 32. Rf1 (32. Ngh4 $14 {might be stronger.}) 32... Kf8 33. c4 Bh7 34. Qd1 {[%emt 0:00:08] Weighted Error Value: White=0.12 (very precise) /Black=0.12 (very precise)} 1/2-1/2